 Dungeon Crawl Stone Soup version 0.18.1-50-g88ac8fd (webtiles) character file.

110 raph the Magician (level 4, -4/24 HPs)
             Began as a Deep Elf Wizard on Oct 23, 2016.
             Slain by a gnoll
             ... wielding a cursed -3 spear
              (5 damage)
             ... on level 3 of the Dungeon.
             The game lasted 00:04:50 (2693 turns).

raph the Magician (Deep Elf Wizard)                 Turns: 2693, Time: 00:04:51

Health: -4/24      AC:  2    Str:  5    XL:     4   Next: 61%
Magic:  8/13       EV:  8    Int: 23    God:
Gold:   87         SH:  0    Dex: 13    Spells: 5 memorised, 2 levels left

rFire  . . .     SeeInvis .     m - +1 dagger (speed)
rCold  . . .     Gourm    .     a - +0 robe
rNeg   . . .     Faith    .     (no shield)
rPois  .         Spirit   .     b - +0 hat
rElec  .         Dismiss  .     (no cloak)
rCorr  .         Reflect  .     (no gloves)
SustAt .         Harm     .     (no boots)
MR     .....                    (no amulet)
Stlth  ++........               (no ring)
                                (no ring)

@: not resistant to hostile enchantments, unstealthy
A: no striking features
a: no special abilities


You were on level 3 of the Dungeon.
You were not hungry.

You visited 1 branch of the dungeon, and saw 3 of its levels.

You collected 87 gold pieces.

Inventory:

Hand Weapons
 i - a +0 dagger
 m - a +1 dagger of speed (weapon)
Armour
 a - a +0 robe (worn)
 b - a +0 hat (worn)
Scrolls
 j - 6 scrolls of identify {unknown}
 n - a scroll of fog {unknown}
 r - a scroll of noise {unknown}
 t - a scroll of enchant armour {unknown}
Potions
 e - a potion of berserk rage {unknown}
 f - a potion of haste {unknown}
 g - 2 potions of flight {unknown}
 h - a potion of cure mutation {unknown}
 k - 2 potions of curing {unknown}
 l - a potion of magic {unknown}
 o - 2 potions of heal wounds {unknown}
 p - 2 potions of invisibility {unknown}
 u - a potion of ambrosia {unknown}
Books
 c - a book of Minor Magic

   Spells                             Type                      Level
   a - Magic Dart                     Conjuration                  1
   b - Blink                          Translocation                2
   c - Call Imp                       Summoning                    2
   d - Repel Missiles                 Charms/Air                   2
   e - Slow                           Hexes                        2
   f - Conjure Flame                  Conjuration/Fire             3
   g - Mephitic Cloud                 Conjuration/Poison/Air       3
Comestibles
 d - 2 bread rations
 s - 2 meat rations


   Skills:
 + Level 3.2 Dodging
 + Level 3.4 Stealth
 + Level 5.2 Spellcasting
 * Level 3.1 Conjurations
 - Level 1.1 Summonings
 - Level 1.1 Translocations
 + Level 0.9 Poison Magic


You had 2 spell levels left.
You knew the following spells:

 Your Spells              Type           Power        Failure   Level  Hunger
a - Magic Dart            Conj           ###.         2%          1    None
b - Blink                 Tloc           N/A          12%         2    None
c - Call Imp              Summ           ##......     12%         2    None
d - Mephitic Cloud        Conj/Pois/Air  ##......     17%         3    ##.....
e - Conjure Flame         Conj/Fire      ##......     17%         3    ##.....


Dungeon Overview and Level Annotations

Branches:
Dungeon (3/15)

Altars:
Ashenzari
Gozag


Message History

There is a stone staircase leading down here.
There is a stone staircase leading down here.
You climb downwards.
The gnoll throws a throwing net.
The throwing net hits you.
You become entangled in the net!
There is a stone staircase leading up here.
You see here a throwing net.
You can't do that while held in a net.
You can't do that while held in a net.
You can't do that while held in a net.
You can't do that while held in a net.
You try to slip out of the net.
You try to slip out of the net.
The gnoll hits you with a whip!
You try to slip out of the net.
The gnoll hits you with a whip.
You slip out of the net!
The gnoll hits you with a whip.
* * * LOW HITPOINT WARNING * * *
The gnoll barely misses you. x2
The gnoll hits you with a whip.
* * * LOW HITPOINT WARNING * * *
The gnoll hits you from afar with an enchanted spear.
You die...

.....g(####
g....>.<..#
##........#
#).......#
#........#
#...g....#
#..ggg...#
#..ggg...#
#...@....#
##########


You could see 7 gnolls.

Vanquished Creatures
  2 adders (D:2)
  3 oozes
  3 dart slugs
  3 giant geckos
  3 bats (D:1)
  3 giant cockroaches
  6 goblins
  10 hobgoblins
  4 jackals (D:1)
  6 kobolds
  2 quokkas (D:2)
  2 giant newts
  9 rats
56 creatures vanquished.

Vanquished Creatures (collateral kills)
  An adder (D:2)
  A worm (D:2)
  A giant gecko (D:2)
  A goblin (D:1)
  2 jackals (D:1)
6 creatures vanquished.

Grand Total: 62 creatures vanquished

Notes
Turn   | Place    | Note
--------------------------------------------------------------
     0 | D:1      | raph the Deep Elf Wizard began the quest for the Orb.
     0 | D:1      | Reached XP level 1. HP: 10/10 MP: 7/7
   171 | D:1      | Reached XP level 2. HP: 7/15 MP: 3/9
   583 | D:1      | Learned a level 2 spell: Blink
   586 | D:1      | Learned a level 2 spell: Call Imp
   933 | D:1      | Reached XP level 3. HP: 19/19 MP: 9/11
   981 | D:1      | Learned a level 3 spell: Mephitic Cloud
  1618 | D:2      | Reached skill level 5 in Spellcasting
  1711 | D:2      | Learned a level 3 spell: Conjure Flame
  1792 | D:2      | Reached XP level 4. HP: 24/24 MP: 8/13
  2546 | D:2      | Found an opulent altar of Gozag.
  2616 | D:2      | Found a shattered altar of Ashenzari.
  2693 | D:3      | HP: 1/24 [gnoll/whip (5)]
  2693 | D:3      | Slain by a gnoll

Skill      XL: |  1  2  3  4 |
---------------+-------------+-----
Conjurations   | 2 3 |  3.1
Dodging        | 3 |  3.2
Stealth        | 3 |  3.4
Spellcasting   | 5 |  5.2
Summonings     | |  1.1
Translocations | |  1.1
Poison Magic   | |  0.9

Action                   |  1- 3 |  4- 6 || total
-------------------------+-------+-------++-------
Melee: Unarmed           |     6 |       ||     6
 Cast: Magic Dart        |    94 |    39 ||   133
       Call Imp          |     3 |     1 ||     4
       Conjure Flame     |       |     2 ||     2
       Mephitic Cloud    |       |     2 ||     2
  Eat: Chunk             |     2 |     3 ||     5
Armor: Robe              |     6 |       ||     6
Dodge: Dodged            |    26 |     7 ||    33
